General information
- name: BNet
- type: Ladder team game (AT/RT)
- host: Battle.net
- saver: FriendlyTyler
map: Friends
- players: 8
- length: 69:44
- speed: Fast
- version: 1.22 W3XP
- replay type:

» download(649 KB)
Players
team 1 (winner)
FriendlyTyler (
green | 110 APM | 7665 actions | 69:44)
6 Demon Hunter
3 Mana Burn
2 Evasion
1 Metamorphosis
5 Pandaren Brewmaster
3 Breath of Fire
2 Drunken Haze
4 Keeper of the Grove
2 Entangling Roots
2 Thorns Aura
» actions
Assign group hotkey | 12 | |
Basic commands | 9 | |
Build / train | 228 | |
Enter build submenu | 51 | |
Enter hero's abilities submenu | 17 | |
Give item / drop item | 18 | |
Remove unit from queue | 36 | |
Right click | 5228 | |
Select / deselect | 756 | |
Select group hotkey | 999 | |
Use ability | 311 | |
7665 total
» units
» upgrades
» buildings
Altar of Elders | 2 | |
Moon Well | 17 | |
Tree of Ages | 2 | |
Ancient of Wonders | 7 | |
Tree of Life | 12 | |
Ancient of War | 4 | |
Tree of Eternity | 1 | |
Ancient of Wind | 3 | |
48 total
» build order
00:11 Altar of Elders
00:14 Moon Well
01:25 Moon Well
03:39 Moon Well
05:49 Tree of Ages
07:06 Moon Well
07:06 Moon Well
07:07 Moon Well
07:07 Moon Well
10:50 Ancient of Wonders
11:09 Ancient of Wonders
12:11 Moon Well
12:50 Tree of Life
16:36 Moon Well
17:01 Ancient of War
20:12 Moon Well
20:30 Tree of Ages
21:09 Moon Well
21:13 Moon Well
21:14 Moon Well
21:41 Tree of Life
25:23 Altar of Elders
26:00 Ancient of War
26:06 Ancient of War
26:32 Ancient of War
27:59 Tree of Eternity
28:04 Ancient of Wonders
29:29 Tree of Life
31:28 Tree of Life
31:32 Tree of Life
32:25 Ancient of Wind
32:26 Ancient of Wind
32:27 Ancient of Wind
33:17 Ancient of Wonders
36:32 Tree of Life
36:36 Tree of Life
36:46 Ancient of Wonders
36:47 Ancient of Wonders
36:58 Ancient of Wonders
38:30 Tree of Life
38:33 Tree of Life
41:30 Tree of Life
43:38 Tree of Life
46:31 Tree of Life
57:57 Moon Well
57:59 Moon Well
57:59 Moon Well
58:00 Moon Well
» items
Orb of Venom | 3 | |
Staff of Preservation | 3 | |
Scroll of Regeneration | 4 | |
Lesser Clarity Potion | 3 | |
Scroll of Town Portal | 2 | |
Boots of Quel'Thalas +6 | 1 | |
Robe of the Magi +6 | 4 | |
Healing Wards | 1 | |
Sobi Mask | 2 | |
Potion of Restoration | 1 | |
Inferno Stone | 3 | |
Potion of Divinity | 1 | |
Belt of Giant Strength +6 | 1 | |
Potion of Healing | 2 | |
31 total
friends.scx (
purple | 99 APM | 6927 actions | 69:42)
7 Paladin
3 Holy Light
3 Divine Shield
1 Devotion Aura
» actions
Assign group hotkey | 833 | |
Basic commands | 13 | |
Build / train | 754 | |
Enter build submenu | 478 | |
Enter hero's abilities submenu | 7 | |
Give item / drop item | 2 | |
Remove unit from queue | 8 | |
Right click | 2147 | |
Select / deselect | 1521 | |
Select group hotkey | 8 | |
Use ability | 1156 | |
6927 total
» units
» upgrades
Masonry | 3 | |
Lumber Harvesting | 3 | |
6 total
» buildings
Altar of Kings | 1 | |
Farm | 7 | |
Lumber Mill | 2 | |
Scout Tower | 993 | |
Arcane Tower | 1 | |
Guard Tower | 640 | |
Town Hall | 1 | |
Arcane Vault | 1 | |
Keep | 2 | |
Castle | 2 | |
1650 total
» build order
00:05 Altar of Kings
00:17 Farm
00:39 Lumber Mill
01:21 Scout Tower
01:24 Scout Tower
01:28 Scout Tower
01:37 Farm
01:50 Arcane Tower
02:00 Scout Tower
02:12 Scout Tower
02:26 Scout Tower
03:17 Guard Tower
03:18 Scout Tower
03:19 Scout Tower
03:20 Scout Tower
03:21 Scout Tower
03:22 Guard Tower
03:22 Guard Tower
03:48 Guard Tower
03:49 Guard Tower
04:14 Guard Tower
04:14 Guard Tower
04:19 Scout Tower
04:20 Scout Tower
04:20 Scout Tower
04:27 Farm
04:32 Scout Tower
04:41 Scout Tower
04:41 Scout Tower
04:43 Scout Tower
04:43 Scout Tower
04:44 Scout Tower
04:49 Scout Tower
04:50 Scout Tower
04:53 Scout Tower
05:02 Guard Tower
05:02 Guard Tower
05:06 Scout Tower
05:07 Scout Tower
05:07 Scout Tower
05:10 Guard Tower
05:10 Guard Tower
05:12 Scout Tower
05:12 Scout Tower
05:16 Guard Tower
05:16 Guard Tower
05:17 Guard Tower
05:17 Guard Tower
05:26 Guard Tower
05:26 Guard Tower
05:28 Guard Tower
05:29 Guard Tower
05:42 Guard Tower
05:45 Guard Tower
05:46 Guard Tower
05:49 Guard Tower
05:50 Guard Tower
06:23 Guard Tower
06:23 Guard Tower
06:50 Guard Tower
06:50 Guard Tower
06:52 Scout Tower
07:17 Guard Tower
07:20 Scout Tower
07:21 Scout Tower
07:21 Scout Tower
07:29 Town Hall
07:37 Guard Tower
07:47 Scout Tower
07:48 Scout Tower
07:49 Scout Tower
07:49 Scout Tower
08:13 Guard Tower
08:13 Guard Tower
08:13 Guard Tower
08:31 Guard Tower
08:32 Guard Tower
08:36 Farm
08:36 Farm
08:38 Farm
08:39 Farm
09:00 Guard Tower
09:02 Guard Tower
09:02 Guard Tower
09:02 Guard Tower
09:45 Arcane Vault
09:53 Keep
10:01 Scout Tower
10:02 Scout Tower
10:03 Scout Tower
10:04 Scout Tower
10:04 Scout Tower
10:05 Scout Tower
10:06 Guard Tower
10:07 Guard Tower
10:08 Scout Tower
10:09 Scout Tower
10:09 Scout Tower
10:10 Scout Tower
10:10 Scout Tower
10:13 Scout Tower
10:13 Scout Tower
10:13 Scout Tower
10:15 Scout Tower
10:16 Scout Tower
10:56 Scout Tower
10:56 Scout Tower
10:57 Scout Tower
10:58 Scout Tower
10:59 Scout Tower
11:00 Scout Tower
11:09 Scout Tower
11:10 Scout Tower
11:10 Scout Tower
11:31 Guard Tower
11:32 Guard Tower
11:46 Scout Tower
11:47 Scout Tower
11:47 Scout Tower
11:51 Guard Tower
11:53 Scout Tower
11:54 Scout Tower
11:56 Scout Tower
11:56 Scout Tower
11:57 Scout Tower
11:57 Scout Tower
11:58 Scout Tower
12:07 Guard Tower
12:08 Scout Tower
12:09 Scout Tower
12:10 Scout Tower
12:16 Scout Tower
12:21 Guard Tower
12:21 Guard Tower
12:59 Guard Tower
13:00 Scout Tower
13:01 Scout Tower
13:01 Scout Tower
13:03 Scout Tower
13:03 Scout Tower
13:04 Scout Tower
13:04 Scout Tower
13:04 Scout Tower
13:05 Scout Tower
13:25 Guard Tower
13:27 Scout Tower
13:27 Scout Tower
13:28 Scout Tower
13:28 Scout Tower
13:39 Guard Tower
13:43 Scout Tower
13:46 Scout Tower
13:47 Scout Tower
13:51 Scout Tower
13:51 Scout Tower
13:52 Scout Tower
13:52 Scout Tower
13:53 Scout Tower
13:53 Scout Tower
14:07 Guard Tower
14:09 Scout Tower
14:10 Scout Tower
14:11 Scout Tower
14:11 Scout Tower
14:11 Scout Tower
14:13 Guard Tower
14:14 Guard Tower
14:37 Guard Tower
14:38 Guard Tower
14:41 Scout Tower
14:41 Scout Tower
14:42 Scout Tower
14:42 Scout Tower
14:43 Scout Tower
14:44 Scout Tower
14:59 Guard Tower
15:01 Guard Tower
15:02 Guard Tower
15:15 Guard Tower
15:44 Castle
15:55 Lumber Mill
16:04 Guard Tower
16:04 Guard Tower
16:06 Guard Tower
16:07 Guard Tower
16:13 Scout Tower
16:14 Scout Tower
16:15 Scout Tower
16:16 Scout Tower
16:17 Scout Tower
16:18 Scout Tower
16:18 Scout Tower
16:20 Guard Tower
16:21 Guard Tower
16:22 Guard Tower
16:22 Guard Tower
16:43 Guard Tower
16:44 Guard Tower
16:47 Scout Tower
16:48 Scout Tower
16:50 Scout Tower
16:50 Scout Tower
16:51 Scout Tower
16:52 Scout Tower
16:52 Scout Tower
17:01 Scout Tower
17:02 Scout Tower
17:02 Scout Tower
17:03 Scout Tower
17:04 Scout Tower
17:04 Scout Tower
17:09 Guard Tower
17:10 Guard Tower
17:14 Scout Tower
17:14 Scout Tower
17:16 Scout Tower
17:17 Scout Tower
17:18 Scout Tower
17:18 Scout Tower
17:24 Guard Tower
17:24 Guard Tower
17:32 Guard Tower
17:32 Guard Tower
17:46 Guard Tower
17:46 Guard Tower
17:46 Guard Tower
18:00 Guard Tower
18:00 Guard Tower
18:01 Guard Tower
18:02 Guard Tower
18:03 Guard Tower
18:08 Guard Tower
18:08 Guard Tower
18:18 Scout Tower
18:20 Scout Tower
18:21 Scout Tower
18:22 Scout Tower
18:22 Scout Tower
18:23 Scout Tower
18:37 Guard Tower
18:50 Guard Tower
18:50 Guard Tower
19:54 Scout Tower
19:55 Scout Tower
19:57 Scout Tower
19:57 Scout Tower
19:58 Scout Tower
19:59 Scout Tower
20:04 Scout Tower
20:06 Guard Tower
20:09 Scout Tower
20:10 Scout Tower
20:11 Scout Tower
20:12 Scout Tower
20:12 Scout Tower
20:12 Scout Tower
20:13 Scout Tower
20:31 Scout Tower
20:32 Scout Tower
20:34 Scout Tower
20:34 Scout Tower
20:35 Scout Tower
20:35 Scout Tower
20:36 Scout Tower
20:36 Scout Tower
20:55 Guard Tower
20:56 Guard Tower
20:58 Scout Tower
20:59 Scout Tower
21:00 Scout Tower
21:00 Scout Tower
21:01 Scout Tower
21:01 Scout Tower
21:08 Guard Tower
21:09 Guard Tower
21:11 Scout Tower
21:12 Scout Tower
21:12 Scout Tower
21:12 Scout Tower
21:13 Scout Tower
21:13 Scout Tower
21:18 Scout Tower
21:19 Scout Tower
21:19 Scout Tower
21:20 Scout Tower
21:21 Scout Tower
21:21 Scout Tower
21:36 Guard Tower
21:37 Guard Tower
21:48 Scout Tower
21:48 Scout Tower
21:50 Scout Tower
21:51 Scout Tower
21:52 Scout Tower
21:52 Scout Tower
21:54 Guard Tower
21:54 Guard Tower
22:00 Scout Tower
22:00 Scout Tower
22:01 Scout Tower
22:01 Scout Tower
22:02 Scout Tower
22:02 Scout Tower
22:05 Guard Tower
22:06 Guard Tower
22:06 Guard Tower
22:11 Scout Tower
22:11 Scout Tower
22:11 Scout Tower
22:11 Scout Tower
22:12 Scout Tower
22:13 Scout Tower
22:14 Guard Tower
22:14 Guard Tower
22:21 Scout Tower
22:21 Scout Tower
22:22 Scout Tower
22:23 Scout Tower
22:23 Scout Tower
22:23 Scout Tower
22:25 Guard Tower
22:26 Guard Tower
22:43 Guard Tower
22:43 Guard Tower
22:43 Guard Tower
22:47 Scout Tower
22:48 Scout Tower
22:49 Scout Tower
22:49 Scout Tower
22:50 Scout Tower
22:51 Scout Tower
23:03 Scout Tower
23:04 Scout Tower
23:04 Scout Tower
23:05 Scout Tower
23:05 Scout Tower
23:06 Scout Tower
23:24 Guard Tower
23:24 Guard Tower
23:24 Guard Tower
23:27 Scout Tower
23:27 Scout Tower
23:28 Scout Tower
23:37 Scout Tower
23:38 Scout Tower
23:39 Scout Tower
23:39 Scout Tower
24:06 Guard Tower
24:06 Guard Tower
24:20 Guard Tower
24:20 Guard Tower
24:38 Guard Tower
24:38 Guard Tower
24:40 Scout Tower
24:41 Scout Tower
24:42 Scout Tower
24:42 Scout Tower
24:43 Scout Tower
24:43 Scout Tower
24:43 Scout Tower
24:44 Scout Tower
24:53 Guard Tower
24:53 Guard Tower
24:55 Scout Tower
24:55 Scout Tower
24:56 Scout Tower
24:56 Scout Tower
24:56 Scout Tower
24:57 Scout Tower
25:03 Guard Tower
25:03 Guard Tower
25:03 Guard Tower
25:09 Guard Tower
25:24 Guard Tower
25:25 Guard Tower
25:30 Guard Tower
25:42 Guard Tower
25:42 Guard Tower
25:55 Guard Tower
25:58 Scout Tower
25:59 Scout Tower
26:00 Scout Tower
26:00 Scout Tower
26:00 Scout Tower
26:01 Scout Tower
26:32 Scout Tower
26:33 Scout Tower
26:34 Scout Tower
26:38 Scout Tower
26:38 Scout Tower
26:39 Scout Tower
26:39 Scout Tower
26:41 Guard Tower
26:41 Guard Tower
26:42 Scout Tower
26:43 Scout Tower
26:43 Scout Tower
26:52 Guard Tower
26:52 Guard Tower
26:56 Guard Tower
26:56 Guard Tower
26:58 Guard Tower
27:49 Scout Tower
27:49 Scout Tower
27:51 Scout Tower
27:52 Scout Tower
27:52 Scout Tower
27:55 Guard Tower
27:55 Guard Tower
28:00 Scout Tower
28:01 Scout Tower
28:02 Scout Tower
28:02 Scout Tower
28:03 Scout Tower
28:03 Scout Tower
28:09 Guard Tower
28:16 Scout Tower
28:19 Scout Tower
28:20 Scout Tower
28:21 Scout Tower
28:21 Scout Tower
28:29 Guard Tower
28:32 Guard Tower
28:39 Guard Tower
28:42 Scout Tower
28:43 Scout Tower
28:43 Scout Tower
28:44 Scout Tower
28:46 Scout Tower
28:46 Scout Tower
28:47 Scout Tower
28:48 Scout Tower
28:50 Scout Tower
28:50 Scout Tower
28:52 Guard Tower
28:53 Scout Tower
28:53 Scout Tower
28:54 Scout Tower
28:55 Scout Tower
29:15 Guard Tower
29:16 Guard Tower
29:17 Scout Tower
29:18 Scout Tower
29:18 Scout Tower
29:19 Scout Tower
29:20 Scout Tower
29:20 Scout Tower
29:21 Guard Tower
29:21 Guard Tower
29:32 Guard Tower
29:33 Guard Tower
29:34 Scout Tower
29:40 Scout Tower
29:51 Scout Tower
29:52 Scout Tower
29:54 Scout Tower
29:55 Scout Tower
29:55 Scout Tower
29:56 Scout Tower
29:56 Scout Tower
30:02 Scout Tower
30:02 Scout Tower
30:03 Scout Tower
30:04 Scout Tower
30:04 Scout Tower
30:14 Guard Tower
30:16 Scout Tower
30:17 Scout Tower
30:18 Scout Tower
30:19 Guard Tower
30:19 Guard Tower
30:21 Scout Tower
30:22 Scout Tower
30:32 Guard Tower
30:47 Guard Tower
30:47 Guard Tower
30:52 Guard Tower
30:52 Guard Tower
30:55 Guard Tower
30:55 Guard Tower
31:01 Scout Tower
31:01 Scout Tower
31:02 Scout Tower
31:02 Scout Tower
31:10 Guard Tower
31:10 Guard Tower
31:13 Scout Tower
31:13 Scout Tower
31:14 Scout Tower
31:14 Scout Tower
31:15 Scout Tower
31:16 Scout Tower
31:17 Scout Tower
31:17 Scout Tower
31:18 Scout Tower
31:19 Scout Tower
31:19 Scout Tower
31:24 Scout Tower
31:25 Scout Tower
31:28 Guard Tower
31:28 Guard Tower
31:30 Scout Tower
31:32 Scout Tower
31:33 Scout Tower
31:34 Scout Tower
31:37 Guard Tower
31:37 Guard Tower
31:41 Guard Tower
31:41 Guard Tower
31:51 Scout Tower
31:51 Scout Tower
32:01 Guard Tower
32:01 Guard Tower
32:01 Guard Tower
32:06 Guard Tower
32:06 Guard Tower
32:08 Guard Tower
32:09 Guard Tower
32:09 Guard Tower
32:14 Guard Tower
32:16 Scout Tower
32:17 Scout Tower
32:21 Guard Tower
32:22 Guard Tower
32:23 Scout Tower
32:23 Scout Tower
32:26 Guard Tower
32:26 Guard Tower
32:29 Scout Tower
32:30 Scout Tower
32:31 Scout Tower
32:34 Scout Tower
32:34 Scout Tower
32:35 Scout Tower
32:36 Guard Tower
32:38 Scout Tower
32:38 Scout Tower
32:39 Scout Tower
32:40 Scout Tower
32:40 Scout Tower
32:40 Scout Tower
32:42 Guard Tower
32:42 Guard Tower
32:43 Scout Tower
32:44 Scout Tower
32:45 Scout Tower
32:45 Scout Tower
32:46 Scout Tower
33:01 Guard Tower
33:37 Scout Tower
33:38 Scout Tower
33:38 Scout Tower
33:39 Scout Tower
33:40 Scout Tower
33:40 Scout Tower
33:41 Scout Tower
33:41 Scout Tower
34:07 Guard Tower
34:07 Guard Tower
34:11 Guard Tower
34:11 Guard Tower
34:34 Scout Tower
34:35 Scout Tower
34:36 Scout Tower
34:40 Scout Tower
34:50 Guard Tower
34:50 Guard Tower
34:54 Guard Tower
34:54 Guard Tower
34:54 Guard Tower
35:15 Guard Tower
35:16 Scout Tower
35:17 Scout Tower
35:17 Scout Tower
35:19 Scout Tower
35:57 Scout Tower
35:57 Scout Tower
35:58 Scout Tower
35:58 Scout Tower
35:59 Scout Tower
35:59 Scout Tower
36:00 Scout Tower
36:01 Scout Tower
36:30 Guard Tower
36:31 Scout Tower
36:34 Scout Tower
36:35 Scout Tower
36:35 Scout Tower
36:43 Guard Tower
36:43 Guard Tower
36:44 Scout Tower
36:45 Scout Tower
36:48 Scout Tower
36:48 Scout Tower
36:48 Scout Tower
36:49 Scout Tower
36:49 Scout Tower
36:55 Scout Tower
36:55 Scout Tower
36:56 Scout Tower
36:57 Scout Tower
36:58 Scout Tower
36:58 Scout Tower
37:00 Scout Tower
37:02 Guard Tower
37:03 Guard Tower
37:03 Guard Tower
37:04 Guard Tower
37:05 Scout Tower
37:06 Scout Tower
37:06 Scout Tower
37:07 Scout Tower
37:07 Scout Tower
37:33 Guard Tower
37:33 Guard Tower
37:34 Guard Tower
37:54 Guard Tower
37:55 Guard Tower
37:56 Scout Tower
37:56 Scout Tower
37:56 Scout Tower
37:57 Scout Tower
38:10 Guard Tower
38:10 Guard Tower
38:23 Guard Tower
38:23 Guard Tower
38:27 Scout Tower
38:30 Scout Tower
38:34 Guard Tower
38:35 Guard Tower
38:36 Guard Tower
38:36 Guard Tower
38:36 Guard Tower
38:46 Scout Tower
38:47 Scout Tower
38:50 Scout Tower
38:51 Scout Tower
38:54 Guard Tower
39:01 Scout Tower
39:02 Scout Tower
39:09 Guard Tower
39:09 Guard Tower
39:09 Guard Tower
39:10 Guard Tower
39:11 Scout Tower
39:40 Scout Tower
39:41 Scout Tower
39:42 Scout Tower
39:42 Scout Tower
39:43 Scout Tower
39:43 Scout Tower
39:47 Scout Tower
39:47 Scout Tower
39:48 Scout Tower
39:51 Scout Tower
40:15 Guard Tower
40:15 Guard Tower
40:18 Scout Tower
40:19 Scout Tower
40:20 Scout Tower
40:20 Scout Tower
40:21 Scout Tower
40:21 Scout Tower
40:22 Scout Tower
41:30 Guard Tower
41:30 Guard Tower
41:32 Scout Tower
41:33 Scout Tower
41:33 Scout Tower
41:34 Scout Tower
41:38 Scout Tower
41:39 Scout Tower
41:39 Scout Tower
41:40 Scout Tower
41:52 Scout Tower
41:53 Scout Tower
41:53 Scout Tower
41:54 Scout Tower
41:56 Scout Tower
41:57 Scout Tower
41:58 Scout Tower
41:58 Scout Tower
42:03 Scout Tower
42:26 Guard Tower
42:29 Guard Tower
42:29 Guard Tower
42:32 Guard Tower
42:36 Guard Tower
42:37 Guard Tower
42:41 Scout Tower
42:45 Scout Tower
42:46 Scout Tower
42:47 Scout Tower
42:47 Scout Tower
42:48 Scout Tower
42:48 Scout Tower
42:51 Scout Tower
42:54 Scout Tower
42:54 Scout Tower
42:55 Scout Tower
43:26 Scout Tower
43:27 Scout Tower
43:28 Scout Tower
43:28 Scout Tower
43:31 Guard Tower
44:31 Guard Tower
44:31 Guard Tower
44:31 Guard Tower
44:36 Scout Tower
44:38 Scout Tower
44:39 Scout Tower
44:39 Scout Tower
44:40 Scout Tower
44:40 Scout Tower
44:54 Scout Tower
44:54 Scout Tower
44:55 Scout Tower
44:56 Scout Tower
44:57 Scout Tower
44:57 Scout Tower
45:07 Scout Tower
45:08 Scout Tower
45:09 Scout Tower
45:10 Scout Tower
45:10 Scout Tower
45:11 Scout Tower
45:13 Scout Tower
45:14 Scout Tower
45:14 Scout Tower
45:15 Scout Tower
45:16 Scout Tower
45:17 Scout Tower
45:18 Scout Tower
45:19 Scout Tower
45:19 Scout Tower
45:20 Scout Tower
45:20 Scout Tower
45:21 Scout Tower
45:21 Scout Tower
45:22 Scout Tower
45:24 Guard Tower
45:25 Guard Tower
45:25 Guard Tower
45:27 Guard Tower
45:29 Scout Tower
45:30 Scout Tower
45:31 Scout Tower
45:31 Scout Tower
45:31 Scout Tower
45:33 Scout Tower
45:33 Scout Tower
45:34 Scout Tower
45:34 Scout Tower
45:35 Scout Tower
45:36 Scout Tower
45:36 Scout Tower
45:37 Scout Tower
45:38 Scout Tower
45:42 Scout Tower
45:43 Scout Tower
45:44 Scout Tower
45:44 Scout Tower
45:47 Scout Tower
45:50 Scout Tower
45:50 Scout Tower
45:51 Scout Tower
46:03 Guard Tower
46:06 Scout Tower
46:06 Scout Tower
46:07 Scout Tower
46:10 Guard Tower
46:11 Guard Tower
46:11 Guard Tower
46:15 Guard Tower
46:15 Guard Tower
46:21 Scout Tower
46:22 Scout Tower
46:22 Scout Tower
46:23 Scout Tower
46:23 Scout Tower
46:24 Scout Tower
46:31 Scout Tower
46:32 Scout Tower
46:33 Scout Tower
46:33 Scout Tower
46:34 Scout Tower
46:34 Scout Tower
46:45 Guard Tower
46:47 Guard Tower
46:47 Guard Tower
46:48 Scout Tower
46:59 Scout Tower
47:00 Scout Tower
47:00 Scout Tower
47:01 Scout Tower
47:01 Scout Tower
47:02 Scout Tower
47:03 Scout Tower
47:05 Scout Tower
47:05 Scout Tower
47:06 Scout Tower
47:07 Scout Tower
47:08 Scout Tower
47:17 Guard Tower
47:17 Guard Tower
47:23 Scout Tower
47:24 Scout Tower
47:25 Scout Tower
47:25 Scout Tower
47:26 Scout Tower
47:26 Scout Tower
47:31 Guard Tower
47:43 Guard Tower
47:43 Guard Tower
47:46 Scout Tower
47:46 Scout Tower
47:47 Scout Tower
47:47 Scout Tower
47:48 Scout Tower
47:48 Scout Tower
47:57 Scout Tower
47:58 Scout Tower
47:59 Scout Tower
48:10 Scout Tower
48:10 Scout Tower
48:11 Scout Tower
48:13 Scout Tower
48:14 Scout Tower
48:14 Scout Tower
48:33 Guard Tower
48:33 Guard Tower
48:33 Guard Tower
48:35 Guard Tower
48:35 Guard Tower
48:38 Scout Tower
48:39 Scout Tower
48:39 Scout Tower
48:39 Scout Tower
48:40 Scout Tower
48:41 Scout Tower
48:50 Guard Tower
48:52 Scout Tower
48:53 Scout Tower
48:54 Scout Tower
48:54 Scout Tower
48:55 Scout Tower
48:55 Scout Tower
48:55 Scout Tower
48:56 Scout Tower
48:59 Guard Tower
48:59 Guard Tower
48:59 Guard Tower
49:01 Scout Tower
49:02 Scout Tower
49:02 Scout Tower
49:03 Scout Tower
49:04 Guard Tower
49:05 Guard Tower
49:05 Guard Tower
49:07 Guard Tower
49:13 Scout Tower
49:13 Scout Tower
49:15 Scout Tower
49:16 Scout Tower
49:19 Scout Tower
49:19 Scout Tower
49:20 Scout Tower
49:20 Scout Tower
49:21 Scout Tower
49:22 Scout Tower
49:24 Guard Tower
49:24 Guard Tower
49:26 Guard Tower
49:26 Guard Tower
49:31 Scout Tower
49:32 Scout Tower
49:32 Scout Tower
49:33 Scout Tower
49:33 Scout Tower
49:34 Scout Tower
49:37 Guard Tower
49:37 Guard Tower
49:45 Scout Tower
49:45 Scout Tower
49:46 Scout Tower
49:46 Scout Tower
49:47 Scout Tower
49:47 Scout Tower
49:57 Guard Tower
49:57 Guard Tower
50:01 Scout Tower
50:02 Scout Tower
50:02 Scout Tower
50:03 Scout Tower
50:03 Scout Tower
50:04 Scout Tower
50:06 Guard Tower
50:06 Guard Tower
50:06 Guard Tower
50:08 Guard Tower
50:10 Scout Tower
50:11 Scout Tower
50:11 Scout Tower
50:11 Scout Tower
50:13 Scout Tower
50:14 Scout Tower
50:14 Scout Tower
50:14 Scout Tower
50:15 Scout Tower
50:15 Scout Tower
50:17 Guard Tower
50:17 Guard Tower
50:21 Scout Tower
50:22 Scout Tower
50:22 Scout Tower
50:23 Scout Tower
50:25 Guard Tower
50:28 Scout Tower
50:29 Scout Tower
50:29 Scout Tower
50:29 Scout Tower
50:31 Scout Tower
50:31 Scout Tower
50:36 Guard Tower
50:36 Guard Tower
50:40 Guard Tower
50:40 Guard Tower
50:44 Guard Tower
50:44 Guard Tower
50:49 Guard Tower
50:49 Guard Tower
50:52 Guard Tower
50:52 Guard Tower
50:55 Scout Tower
50:55 Scout Tower
50:56 Scout Tower
50:57 Scout Tower
50:57 Scout Tower
50:58 Scout Tower
50:58 Scout Tower
50:58 Scout Tower
51:16 Guard Tower
51:18 Scout Tower
51:19 Scout Tower
51:19 Scout Tower
51:20 Scout Tower
51:20 Scout Tower
51:21 Scout Tower
51:22 Scout Tower
51:22 Scout Tower
51:24 Scout Tower
51:24 Scout Tower
51:25 Scout Tower
51:36 Scout Tower
51:37 Scout Tower
51:37 Scout Tower
51:38 Scout Tower
51:38 Scout Tower
51:39 Scout Tower
51:39 Scout Tower
51:40 Scout Tower
51:42 Guard Tower
51:42 Guard Tower
51:44 Scout Tower
51:44 Scout Tower
51:46 Scout Tower
51:47 Scout Tower
51:48 Guard Tower
51:49 Guard Tower
51:51 Guard Tower
51:54 Guard Tower
51:54 Guard Tower
52:03 Scout Tower
52:04 Scout Tower
52:05 Scout Tower
52:05 Scout Tower
52:06 Scout Tower
52:07 Scout Tower
52:08 Scout Tower
52:08 Guard Tower
52:09 Guard Tower
52:12 Scout Tower
52:13 Scout Tower
52:13 Scout Tower
52:13 Scout Tower
52:15 Scout Tower
52:15 Scout Tower
52:17 Scout Tower
52:18 Scout Tower
52:25 Guard Tower
52:25 Guard Tower
52:26 Scout Tower
52:28 Scout Tower
52:29 Scout Tower
52:29 Scout Tower
52:30 Scout Tower
52:30 Scout Tower
52:32 Guard Tower
52:37 Scout Tower
52:38 Scout Tower
52:41 Scout Tower
52:41 Scout Tower
52:44 Guard Tower
52:44 Guard Tower
52:48 Scout Tower
52:48 Scout Tower
52:49 Scout Tower
52:49 Scout Tower
52:50 Scout Tower
52:52 Scout Tower
52:52 Scout Tower
52:53 Scout Tower
53:06 Guard Tower
53:06 Guard Tower
53:15 Guard Tower
53:18 Guard Tower
53:19 Guard Tower
53:22 Scout Tower
53:22 Scout Tower
53:23 Scout Tower
53:23 Scout Tower
53:24 Scout Tower
53:24 Scout Tower
53:29 Scout Tower
53:30 Scout Tower
53:30 Scout Tower
53:31 Scout Tower
53:31 Scout Tower
53:32 Scout Tower
53:33 Guard Tower
53:37 Guard Tower
53:38 Guard Tower
53:40 Scout Tower
53:41 Scout Tower
53:42 Scout Tower
53:42 Scout Tower
53:43 Scout Tower
53:44 Scout Tower
53:46 Guard Tower
53:49 Scout Tower
53:50 Scout Tower
53:52 Scout Tower
53:53 Scout Tower
53:55 Guard Tower
53:56 Guard Tower
53:56 Guard Tower
53:58 Scout Tower
53:58 Scout Tower
53:59 Scout Tower
54:00 Scout Tower
54:01 Scout Tower
54:02 Scout Tower
54:05 Guard Tower
54:06 Guard Tower
54:08 Guard Tower
54:14 Guard Tower
54:14 Guard Tower
54:14 Guard Tower
54:19 Guard Tower
54:19 Guard Tower
54:21 Scout Tower
54:23 Scout Tower
54:23 Scout Tower
54:24 Scout Tower
54:25 Scout Tower
54:25 Scout Tower
54:30 Scout Tower
54:30 Scout Tower
54:31 Scout Tower
54:31 Scout Tower
54:32 Scout Tower
54:33 Scout Tower
54:33 Scout Tower
54:37 Scout Tower
54:37 Scout Tower
54:38 Scout Tower
54:39 Scout Tower
54:40 Guard Tower
54:40 Guard Tower
54:41 Guard Tower
54:42 Guard Tower
54:45 Scout Tower
54:46 Scout Tower
54:46 Scout Tower
54:47 Scout Tower
54:48 Scout Tower
54:48 Scout Tower
54:52 Scout Tower
54:52 Scout Tower
54:53 Scout Tower
54:54 Scout Tower
54:55 Scout Tower
54:56 Guard Tower
54:56 Guard Tower
54:56 Guard Tower
55:01 Scout Tower
55:01 Scout Tower
55:03 Scout Tower
55:07 Guard Tower
55:07 Guard Tower
55:12 Guard Tower
55:13 Guard Tower
55:23 Guard Tower
55:23 Guard Tower
55:26 Guard Tower
55:26 Guard Tower
55:31 Scout Tower
55:32 Scout Tower
55:32 Scout Tower
55:33 Scout Tower
55:33 Scout Tower
55:34 Scout Tower
55:35 Scout Tower
55:36 Scout Tower
55:36 Scout Tower
55:43 Guard Tower
55:43 Guard Tower
55:52 Guard Tower
55:53 Guard Tower
55:54 Guard Tower
55:54 Guard Tower
55:57 Guard Tower
55:58 Guard Tower
55:58 Guard Tower
56:14 Guard Tower
56:14 Guard Tower
56:14 Guard Tower
56:18 Scout Tower
56:19 Scout Tower
56:20 Scout Tower
56:20 Scout Tower
56:21 Scout Tower
56:21 Scout Tower
56:26 Scout Tower
56:26 Scout Tower
56:27 Scout Tower
56:28 Scout Tower
56:28 Scout Tower
56:29 Scout Tower
56:31 Scout Tower
56:32 Scout Tower
56:36 Scout Tower
56:38 Scout Tower
56:38 Scout Tower
56:39 Scout Tower
56:39 Scout Tower
56:40 Scout Tower
56:40 Scout Tower
56:40 Scout Tower
56:41 Scout Tower
56:48 Scout Tower
56:49 Scout Tower
56:50 Scout Tower
56:50 Scout Tower
56:51 Scout Tower
56:51 Scout Tower
56:56 Scout Tower
56:57 Scout Tower
57:02 Guard Tower
57:05 Guard Tower
57:05 Guard Tower
57:12 Scout Tower
57:13 Scout Tower
57:14 Scout Tower
57:15 Scout Tower
57:16 Scout Tower
57:20 Guard Tower
57:20 Guard Tower
57:36 Guard Tower
57:36 Guard Tower
57:41 Guard Tower
57:41 Guard Tower
57:44 Guard Tower
57:44 Guard Tower
58:04 Guard Tower
58:04 Guard Tower
58:17 Guard Tower
58:17 Guard Tower
58:35 Guard Tower
58:36 Guard Tower
58:53 Guard Tower
58:53 Guard Tower
58:58 Scout Tower
58:58 Scout Tower
58:59 Scout Tower
58:59 Scout Tower
59:00 Scout Tower
59:00 Scout Tower
59:01 Scout Tower
59:01 Scout Tower
59:03 Guard Tower
59:03 Guard Tower
59:05 Scout Tower
59:06 Scout Tower
59:06 Scout Tower
59:15 Guard Tower
59:15 Guard Tower
59:18 Scout Tower
59:18 Scout Tower
59:19 Scout Tower
59:20 Scout Tower
59:20 Scout Tower
59:21 Scout Tower
59:21 Scout Tower
59:31 Guard Tower
59:33 Scout Tower
59:33 Scout Tower
59:34 Scout Tower
59:35 Scout Tower
59:35 Scout Tower
59:36 Scout Tower
59:37 Scout Tower
59:38 Guard Tower
59:38 Guard Tower
60:01 Guard Tower
60:01 Guard Tower
60:01 Guard Tower
60:06 Scout Tower
60:07 Scout Tower
60:07 Scout Tower
60:08 Scout Tower
60:09 Scout Tower
60:09 Scout Tower
60:19 Scout Tower
60:19 Scout Tower
60:20 Scout Tower
60:21 Scout Tower
60:21 Scout Tower
60:22 Scout Tower
60:28 Scout Tower
60:28 Scout Tower
60:42 Scout Tower
60:42 Scout Tower
60:43 Scout Tower
60:43 Scout Tower
60:44 Scout Tower
60:44 Scout Tower
60:45 Scout Tower
60:45 Scout Tower
60:49 Guard Tower
60:49 Guard Tower
60:52 Scout Tower
60:52 Scout Tower
60:53 Scout Tower
60:53 Scout Tower
60:53 Scout Tower
60:54 Scout Tower
60:54 Scout Tower
60:55 Scout Tower
60:56 Guard Tower
60:59 Scout Tower
61:00 Scout Tower
61:00 Scout Tower
61:01 Scout Tower
61:02 Scout Tower
61:02 Scout Tower
61:03 Scout Tower
61:03 Scout Tower
61:12 Guard Tower
61:12 Guard Tower
61:15 Scout Tower
61:15 Scout Tower
61:17 Scout Tower
61:17 Scout Tower
61:18 Scout Tower
61:18 Scout Tower
61:19 Scout Tower
61:20 Scout Tower
61:21 Guard Tower
61:21 Guard Tower
61:23 Guard Tower
61:23 Guard Tower
61:23 Guard Tower
61:25 Guard Tower
61:25 Guard Tower
61:26 Guard Tower
61:27 Scout Tower
61:28 Scout Tower
61:29 Scout Tower
61:29 Scout Tower
61:29 Scout Tower
61:30 Scout Tower
61:30 Scout Tower
61:31 Scout Tower
61:41 Scout Tower
61:42 Scout Tower
61:43 Scout Tower
61:48 Guard Tower
61:48 Guard Tower
61:49 Guard Tower
61:53 Scout Tower
61:54 Scout Tower
61:55 Scout Tower
61:55 Scout Tower
61:56 Scout Tower
61:56 Scout Tower
61:57 Scout Tower
61:58 Scout Tower
62:00 Scout Tower
62:00 Scout Tower
62:39 Guard Tower
62:39 Guard Tower
62:41 Scout Tower
62:42 Scout Tower
62:42 Scout Tower
62:43 Scout Tower
62:45 Guard Tower
62:45 Guard Tower
62:45 Guard Tower
62:47 Scout Tower
62:47 Scout Tower
62:48 Guard Tower
62:48 Guard Tower
62:49 Guard Tower
62:50 Scout Tower
62:51 Scout Tower
62:52 Scout Tower
62:52 Scout Tower
62:53 Scout Tower
62:53 Scout Tower
62:54 Scout Tower
62:54 Scout Tower
62:55 Scout Tower
62:56 Scout Tower
62:58 Guard Tower
62:59 Guard Tower
63:00 Scout Tower
63:01 Scout Tower
63:01 Scout Tower
63:02 Scout Tower
63:02 Scout Tower
63:02 Scout Tower
63:03 Scout Tower
63:03 Scout Tower
63:05 Guard Tower
63:13 Scout Tower
63:14 Scout Tower
63:16 Scout Tower
63:17 Scout Tower
63:18 Scout Tower
63:19 Scout Tower
63:20 Scout Tower
63:21 Scout Tower
63:22 Scout Tower
63:40 Guard Tower
63:48 Scout Tower
63:49 Scout Tower
63:50 Scout Tower
63:50 Scout Tower
63:52 Scout Tower
63:53 Scout Tower
63:54 Scout Tower
63:55 Scout Tower
64:00 Guard Tower
64:02 Scout Tower
64:04 Scout Tower
64:05 Scout Tower
64:06 Scout Tower
64:07 Scout Tower
64:08 Scout Tower
64:08 Scout Tower
64:18 Guard Tower
64:19 Guard Tower
64:19 Guard Tower
64:24 Guard Tower
64:24 Guard Tower
64:25 Guard Tower
64:32 Guard Tower
64:35 Guard Tower
64:36 Guard Tower
64:36 Guard Tower
65:00 Guard Tower
65:01 Guard Tower
65:27 Guard Tower
65:27 Guard Tower
65:37 Guard Tower
65:40 Guard Tower
65:40 Guard Tower
65:44 Guard Tower
65:44 Guard Tower
65:44 Guard Tower
66:32 Guard Tower
66:32 Guard Tower
66:39 Scout Tower
66:40 Scout Tower
66:40 Scout Tower
66:41 Scout Tower
66:46 Scout Tower
66:48 Scout Tower
66:49 Scout Tower
66:49 Scout Tower
67:40 Guard Tower
67:40 Guard Tower
67:49 Guard Tower
67:49 Guard Tower
67:56 Guard Tower
67:56 Guard Tower
67:58 Scout Tower
67:59 Scout Tower
67:59 Scout Tower
68:00 Scout Tower
68:01 Scout Tower
68:01 Scout Tower
68:04 Scout Tower
68:04 Scout Tower
68:05 Scout Tower
68:05 Scout Tower
68:06 Scout Tower
68:06 Scout Tower
68:07 Scout Tower
68:07 Scout Tower
68:12 Scout Tower
68:15 Scout Tower
68:16 Scout Tower
68:16 Scout Tower
68:17 Scout Tower
68:17 Scout Tower
68:17 Scout Tower
68:20 Scout Tower
68:20 Scout Tower
68:21 Scout Tower
68:31 Scout Tower
68:32 Scout Tower
68:33 Scout Tower
68:33 Scout Tower
68:34 Scout Tower
68:34 Scout Tower
68:36 Guard Tower
68:38 Scout Tower
68:39 Scout Tower
68:39 Scout Tower
68:43 Guard Tower
68:43 Guard Tower
68:46 Scout Tower
68:46 Scout Tower
68:47 Scout Tower
68:47 Scout Tower
68:48 Scout Tower
68:48 Scout Tower
68:49 Scout Tower
68:49 Scout Tower
68:50 Guard Tower
68:50 Guard Tower
68:53 Guard Tower
68:57 Scout Tower
68:58 Scout Tower
69:07 Guard Tower
69:07 Guard Tower
69:09 Guard Tower
69:09 Guard Tower
69:10 Scout Tower
69:12 Scout Tower
69:12 Scout Tower
69:13 Scout Tower
» items
Scroll of Regeneration | 3 | |
Lesser Clarity Potion | 1 | |
Belt of Giant Strength +6 | 2 | |
Orb of Fire | 1 | |
Potion of Healing | 1 | |
Potion of Mana | 1 | |
Scroll of Town Portal | 1 | |
Orb of Venom | 1 | |
11 total
Friendsly (
blue | 82 APM | 5703 actions | 69:43)
4 Archmage
2 Blizzard
2 Brilliance Aura
5 Pandaren Brewmaster
3 Breath of Fire
2 Drunken Brawler
» actions
Assign group hotkey | 11 | |
Basic commands | 105 | |
Build / train | 294 | |
ESC pressed | 13 | |
Enter build submenu | 238 | |
Enter hero's abilities submenu | 10 | |
Give item / drop item | 5 | |
Right click | 2472 | |
Select / deselect | 787 | |
Select group hotkey | 827 | |
Use ability | 941 | |
5703 total
» units
Peasant | 49 | |
Goblin Shredder | 1 | |
50 total
» upgrades
Masonry | 3 | |
Magic Sentry | 1 | |
Lumber Harvesting | 2 | |
6 total
» buildings
Altar of Kings | 3 | |
Farm | 11 | |
Scout Tower | 724 | |
Lumber Mill | 4 | |
Arcane Tower | 6 | |
Guard Tower | 202 | |
Keep | 3 | |
Arcane Sanctum | 1 | |
Town Hall | 3 | |
Castle | 1 | |
Arcane Vault | 1 | |
Gryphon Aviary | 2 | |
961 total
» build order
00:08 Altar of Kings
00:13 Farm
00:37 Scout Tower
00:40 Lumber Mill
00:57 Scout Tower
01:07 Arcane Tower
01:10 Scout Tower
01:28 Arcane Tower
01:35 Scout Tower
01:46 Arcane Tower
01:55 Scout Tower
02:01 Scout Tower
02:07 Farm
02:25 Guard Tower
02:31 Guard Tower
02:32 Scout Tower
02:35 Scout Tower
03:08 Guard Tower
03:09 Scout Tower
03:12 Guard Tower
03:13 Scout Tower
03:25 Scout Tower
03:27 Scout Tower
04:00 Guard Tower
04:07 Scout Tower
04:16 Scout Tower
04:24 Guard Tower
04:25 Scout Tower
04:26 Scout Tower
04:37 Scout Tower
04:38 Scout Tower
04:40 Scout Tower
04:40 Scout Tower
04:41 Scout Tower
04:41 Scout Tower
04:44 Scout Tower
04:45 Scout Tower
04:46 Scout Tower
04:49 Guard Tower
04:52 Scout Tower
04:53 Scout Tower
05:05 Guard Tower
05:08 Scout Tower
05:14 Guard Tower
05:26 Scout Tower
05:28 Scout Tower
05:38 Guard Tower
05:40 Scout Tower
05:47 Guard Tower
06:01 Guard Tower
06:21 Guard Tower
06:22 Scout Tower
06:23 Scout Tower
06:25 Farm
06:37 Scout Tower
06:38 Scout Tower
06:39 Scout Tower
06:39 Scout Tower
06:56 Scout Tower
07:06 Scout Tower
07:07 Scout Tower
07:07 Scout Tower
07:18 Guard Tower
07:23 Scout Tower
07:25 Scout Tower
07:29 Scout Tower
07:33 Guard Tower
07:37 Guard Tower
07:55 Scout Tower
07:56 Scout Tower
07:56 Scout Tower
07:58 Scout Tower
07:58 Scout Tower
07:59 Scout Tower
08:23 Guard Tower
08:25 Guard Tower
08:37 Guard Tower
08:47 Scout Tower
08:48 Scout Tower
08:48 Scout Tower
08:49 Scout Tower
08:59 Guard Tower
09:07 Arcane Tower
09:08 Guard Tower
09:14 Scout Tower
09:15 Scout Tower
09:35 Guard Tower
09:49 Scout Tower
10:02 Farm
10:04 Keep
10:11 Scout Tower
10:12 Scout Tower
10:13 Scout Tower
10:13 Scout Tower
10:14 Scout Tower
10:15 Scout Tower
10:16 Scout Tower
10:16 Scout Tower
10:17 Scout Tower
10:18 Scout Tower
10:18 Scout Tower
10:20 Scout Tower
10:20 Scout Tower
10:21 Scout Tower
10:22 Scout Tower
10:25 Guard Tower
10:28 Scout Tower
10:29 Scout Tower
10:30 Scout Tower
10:31 Scout Tower
10:38 Guard Tower
10:43 Guard Tower
10:55 Guard Tower
12:13 Scout Tower
12:15 Scout Tower
12:16 Scout Tower
12:16 Scout Tower
12:17 Scout Tower
12:18 Scout Tower
12:19 Scout Tower
12:20 Scout Tower
12:20 Scout Tower
12:22 Scout Tower
12:28 Arcane Sanctum
12:53 Guard Tower
13:14 Guard Tower
13:52 Guard Tower
14:14 Scout Tower
14:15 Scout Tower
15:44 Town Hall
15:58 Guard Tower
17:21 Guard Tower
17:47 Scout Tower
17:49 Scout Tower
17:51 Scout Tower
17:52 Scout Tower
17:54 Scout Tower
17:56 Scout Tower
18:10 Scout Tower
18:10 Scout Tower
18:12 Scout Tower
18:18 Guard Tower
18:32 Arcane Tower
18:45 Guard Tower
18:48 Farm
18:49 Farm
19:29 Guard Tower
19:45 Guard Tower
19:51 Guard Tower
19:55 Scout Tower
20:01 Guard Tower
20:05 Scout Tower
20:18 Guard Tower
20:24 Scout Tower
20:24 Scout Tower
20:51 Guard Tower
21:25 Guard Tower
21:29 Guard Tower
21:30 Altar of Kings
21:48 Scout Tower
21:49 Scout Tower
21:50 Scout Tower
22:07 Lumber Mill
22:13 Scout Tower
22:14 Scout Tower
22:15 Scout Tower
22:16 Scout Tower
22:17 Scout Tower
23:20 Guard Tower
23:48 Guard Tower
24:16 Scout Tower
24:17 Scout Tower
24:18 Scout Tower
24:21 Scout Tower
24:21 Scout Tower
24:22 Scout Tower
24:32 Keep
24:32 Keep
25:38 Guard Tower
26:15 Guard Tower
27:13 Lumber Mill
27:17 Farm
27:18 Farm
27:19 Farm
27:20 Farm
28:04 Scout Tower
28:05 Scout Tower
28:05 Scout Tower
28:06 Scout Tower
28:06 Scout Tower
28:07 Scout Tower
28:08 Scout Tower
28:09 Scout Tower
28:16 Castle
28:23 Arcane Vault
28:30 Farm
28:45 Guard Tower
28:52 Gryphon Aviary
28:54 Gryphon Aviary
30:23 Guard Tower
30:34 Guard Tower
30:37 Scout Tower
30:39 Scout Tower
30:39 Scout Tower
30:43 Scout Tower
30:45 Scout Tower
31:56 Guard Tower
32:00 Guard Tower
32:06 Scout Tower
32:07 Scout Tower
32:08 Scout Tower
32:09 Scout Tower
32:11 Scout Tower
32:11 Scout Tower
32:12 Scout Tower
32:15 Scout Tower
32:15 Scout Tower
32:16 Scout Tower
32:17 Scout Tower
32:18 Scout Tower
32:19 Scout Tower
32:42 Guard Tower
33:05 Guard Tower
33:36 Scout Tower
33:37 Scout Tower
33:38 Scout Tower
33:38 Scout Tower
33:39 Scout Tower
33:40 Scout Tower
33:41 Scout Tower
33:42 Scout Tower
33:43 Scout Tower
33:44 Scout Tower
33:44 Scout Tower
33:45 Scout Tower
33:46 Guard Tower
34:30 Guard Tower
34:33 Guard Tower
34:46 Lumber Mill
34:59 Guard Tower
35:37 Guard Tower
36:05 Guard Tower
36:22 Guard Tower
36:24 Guard Tower
36:43 Scout Tower
36:44 Scout Tower
36:45 Scout Tower
36:45 Scout Tower
36:47 Scout Tower
36:50 Scout Tower
36:51 Scout Tower
36:51 Scout Tower
36:52 Scout Tower
36:55 Scout Tower
37:27 Guard Tower
37:28 Arcane Tower
37:35 Guard Tower
37:41 Scout Tower
37:41 Scout Tower
37:42 Scout Tower
37:43 Scout Tower
37:44 Scout Tower
37:46 Guard Tower
38:06 Guard Tower
38:19 Guard Tower
38:34 Guard Tower
38:46 Town Hall
40:05 Scout Tower
40:06 Scout Tower
40:07 Scout Tower
40:07 Scout Tower
40:08 Scout Tower
40:09 Scout Tower
40:12 Scout Tower
40:12 Scout Tower
40:13 Scout Tower
40:14 Scout Tower
40:16 Scout Tower
40:17 Scout Tower
40:17 Scout Tower
40:43 Guard Tower
40:45 Guard Tower
41:28 Guard Tower
41:40 Town Hall
41:50 Guard Tower
41:54 Scout Tower
41:55 Scout Tower
41:56 Scout Tower
41:56 Scout Tower
41:57 Scout Tower
41:58 Scout Tower
41:58 Scout Tower
41:59 Scout Tower
42:05 Guard Tower
42:24 Scout Tower
42:25 Scout Tower
42:26 Scout Tower
42:26 Scout Tower
42:27 Scout Tower
42:29 Scout Tower
42:31 Guard Tower
42:34 Scout Tower
42:35 Scout Tower
42:36 Scout Tower
42:36 Scout Tower
42:37 Scout Tower
42:37 Scout Tower
43:01 Guard Tower
43:04 Guard Tower
43:08 Scout Tower
43:08 Scout Tower
43:09 Scout Tower
43:10 Scout Tower
43:10 Scout Tower
43:11 Scout Tower
43:12 Scout Tower
43:12 Scout Tower
43:13 Scout Tower
43:14 Scout Tower
43:16 Guard Tower
43:40 Guard Tower
44:07 Guard Tower
44:25 Guard Tower
44:27 Scout Tower
44:28 Scout Tower
44:28 Scout Tower
44:29 Scout Tower
44:30 Scout Tower
44:30 Scout Tower
44:32 Scout Tower
44:32 Scout Tower
44:33 Scout Tower
44:34 Scout Tower
44:35 Scout Tower
44:35 Scout Tower
44:38 Guard Tower
44:43 Scout Tower
44:43 Scout Tower
44:44 Scout Tower
44:45 Scout Tower
44:46 Scout Tower
44:46 Scout Tower
44:50 Guard Tower
45:07 Guard Tower
45:37 Guard Tower
45:43 Scout Tower
45:43 Scout Tower
45:44 Scout Tower
45:44 Scout Tower
45:45 Scout Tower
45:46 Scout Tower
45:54 Scout Tower
45:55 Scout Tower
45:56 Scout Tower
45:56 Scout Tower
46:18 Guard Tower
46:27 Altar of Kings
46:29 Guard Tower
46:32 Guard Tower
46:40 Guard Tower
46:41 Guard Tower
46:56 Guard Tower
46:59 Scout Tower
47:00 Scout Tower
47:01 Scout Tower
47:01 Scout Tower
47:02 Scout Tower
47:02 Scout Tower
47:03 Scout Tower
47:04 Scout Tower
47:05 Scout Tower
47:06 Scout Tower
47:06 Scout Tower
47:07 Scout Tower
47:09 Guard Tower
47:15 Guard Tower
47:31 Guard Tower
47:32 Guard Tower
47:33 Guard Tower
47:39 Scout Tower
47:40 Scout Tower
47:40 Scout Tower
47:41 Scout Tower
47:42 Scout Tower
47:43 Scout Tower
47:43 Scout Tower
47:44 Scout Tower
47:45 Scout Tower
47:45 Scout Tower
47:46 Scout Tower
47:47 Scout Tower
47:48 Scout Tower
47:49 Scout Tower
47:50 Scout Tower
47:51 Scout Tower
47:52 Scout Tower
47:53 Scout Tower
47:53 Scout Tower
47:54 Scout Tower
48:00 Guard Tower
48:03 Guard Tower
48:25 Guard Tower
48:26 Guard Tower
48:33 Guard Tower
48:55 Guard Tower
49:04 Guard Tower
49:06 Guard Tower
49:08 Guard Tower
49:09 Guard Tower
49:13 Guard Tower
49:14 Guard Tower
49:16 Guard Tower
49:23 Scout Tower
49:24 Scout Tower
49:25 Scout Tower
49:26 Scout Tower
49:27 Scout Tower
49:28 Scout Tower
49:30 Scout Tower
49:31 Scout Tower
49:32 Scout Tower
49:32 Scout Tower
49:33 Scout Tower
49:34 Scout Tower
49:36 Scout Tower
49:36 Scout Tower
49:37 Scout Tower
49:38 Scout Tower
49:38 Scout Tower
49:39 Scout Tower
49:40 Scout Tower
49:41 Scout Tower
49:43 Guard Tower
49:46 Scout Tower
49:46 Scout Tower
49:48 Scout Tower
49:49 Scout Tower
49:50 Scout Tower
49:50 Scout Tower
49:51 Scout Tower
49:52 Scout Tower
49:53 Scout Tower
49:54 Scout Tower
49:56 Guard Tower
49:59 Guard Tower
50:15 Guard Tower
50:19 Guard Tower
50:51 Guard Tower
50:54 Guard Tower
51:19 Scout Tower
51:20 Scout Tower
51:21 Scout Tower
51:21 Scout Tower
51:22 Scout Tower
51:23 Scout Tower
51:26 Guard Tower
51:29 Scout Tower
51:29 Scout Tower
51:30 Scout Tower
51:31 Scout Tower
51:32 Scout Tower
51:33 Scout Tower
51:33 Scout Tower
51:34 Scout Tower
51:34 Scout Tower
51:35 Scout Tower
51:36 Scout Tower
51:37 Scout Tower
51:38 Scout Tower
51:39 Scout Tower
51:41 Scout Tower
51:42 Scout Tower
51:46 Guard Tower
51:48 Scout Tower
51:51 Guard Tower
51:55 Scout Tower
51:56 Scout Tower
51:56 Scout Tower
51:57 Scout Tower
51:57 Scout Tower
51:58 Scout Tower
52:14 Guard Tower
52:27 Guard Tower
52:32 Scout Tower
52:33 Scout Tower
52:34 Scout Tower
52:35 Scout Tower
52:36 Scout Tower
52:37 Scout Tower
52:38 Scout Tower
52:38 Scout Tower
52:39 Scout Tower
52:48 Guard Tower
52:50 Scout Tower
52:51 Scout Tower
52:52 Scout Tower
52:52 Scout Tower
52:53 Scout Tower
52:54 Scout Tower
52:55 Scout Tower
52:56 Scout Tower
52:57 Scout Tower
52:58 Scout Tower
52:59 Scout Tower
53:00 Scout Tower
53:01 Scout Tower
53:04 Guard Tower
53:09 Scout Tower
53:09 Scout Tower
53:11 Scout Tower
53:11 Scout Tower
53:12 Scout Tower
53:13 Scout Tower
53:14 Scout Tower
53:14 Scout Tower
53:16 Scout Tower
53:19 Scout Tower
53:19 Scout Tower
53:21 Scout Tower
53:22 Scout Tower
53:22 Scout Tower
53:23 Scout Tower
53:24 Scout Tower
53:26 Guard Tower
53:28 Scout Tower
53:29 Scout Tower
53:30 Scout Tower
53:30 Scout Tower
53:31 Scout Tower
53:33 Scout Tower
53:34 Scout Tower
53:43 Guard Tower
53:52 Scout Tower
53:53 Scout Tower
53:54 Scout Tower
53:55 Scout Tower
53:56 Scout Tower
53:56 Scout Tower
53:57 Scout Tower
54:01 Guard Tower
54:08 Guard Tower
54:22 Scout Tower
54:22 Scout Tower
54:23 Scout Tower
54:23 Scout Tower
54:24 Scout Tower
54:25 Scout Tower
54:26 Scout Tower
54:26 Scout Tower
54:27 Scout Tower
54:28 Scout Tower
54:29 Scout Tower
54:30 Scout Tower
54:30 Scout Tower
54:32 Scout Tower
54:33 Scout Tower
54:35 Scout Tower
54:35 Scout Tower
54:36 Scout Tower
54:36 Scout Tower
54:38 Scout Tower
54:39 Scout Tower
54:40 Scout Tower
54:40 Scout Tower
54:41 Scout Tower
54:42 Scout Tower
54:52 Guard Tower
55:10 Guard Tower
55:31 Guard Tower
55:39 Scout Tower
55:40 Scout Tower
55:41 Scout Tower
55:42 Scout Tower
55:55 Guard Tower
56:06 Scout Tower
56:07 Scout Tower
56:09 Scout Tower
56:11 Scout Tower
56:12 Scout Tower
56:13 Scout Tower
56:13 Scout Tower
56:14 Scout Tower
56:15 Scout Tower
56:16 Scout Tower
56:17 Scout Tower
56:18 Scout Tower
56:31 Guard Tower
56:33 Guard Tower
56:35 Guard Tower
56:38 Guard Tower
56:40 Guard Tower
56:51 Guard Tower
56:56 Scout Tower
56:57 Scout Tower
56:58 Scout Tower
56:59 Scout Tower
57:00 Scout Tower
57:00 Scout Tower
57:01 Scout Tower
57:02 Scout Tower
57:03 Scout Tower
57:17 Guard Tower
57:25 Guard Tower
57:30 Scout Tower
57:31 Scout Tower
57:31 Scout Tower
57:32 Scout Tower
57:33 Scout Tower
57:33 Scout Tower
57:35 Scout Tower
57:35 Scout Tower
57:40 Guard Tower
57:42 Scout Tower
57:43 Scout Tower
57:43 Scout Tower
57:44 Scout Tower
57:44 Scout Tower
57:45 Scout Tower
57:47 Scout Tower
57:48 Scout Tower
57:50 Scout Tower
57:51 Scout Tower
57:54 Guard Tower
57:56 Scout Tower
57:57 Scout Tower
57:59 Scout Tower
58:00 Scout Tower
58:00 Scout Tower
58:01 Scout Tower
58:02 Scout Tower
58:02 Scout Tower
58:03 Scout Tower
58:04 Scout Tower
58:17 Guard Tower
58:20 Guard Tower
58:23 Guard Tower
58:26 Scout Tower
58:27 Scout Tower
58:27 Scout Tower
58:28 Scout Tower
58:29 Scout Tower
58:30 Scout Tower
58:31 Scout Tower
58:31 Scout Tower
58:32 Scout Tower
58:33 Scout Tower
58:34 Scout Tower
58:35 Scout Tower
58:36 Scout Tower
58:37 Scout Tower
58:37 Scout Tower
58:38 Scout Tower
58:39 Scout Tower
58:40 Scout Tower
58:41 Guard Tower
58:47 Guard Tower
58:53 Scout Tower
58:54 Guard Tower
58:58 Guard Tower
59:03 Guard Tower
59:06 Scout Tower
59:07 Scout Tower
59:08 Scout Tower
59:09 Scout Tower
59:09 Scout Tower
59:10 Scout Tower
59:11 Scout Tower
59:11 Scout Tower
59:16 Guard Tower
59:30 Guard Tower
59:45 Guard Tower
59:55 Guard Tower
59:55 Guard Tower
59:55 Guard Tower
59:59 Guard Tower
60:03 Guard Tower
60:03 Guard Tower
60:06 Guard Tower
60:08 Scout Tower
60:09 Scout Tower
60:10 Scout Tower
60:10 Scout Tower
60:11 Scout Tower
60:12 Scout Tower
60:27 Guard Tower
60:31 Guard Tower
60:38 Guard Tower
60:45 Scout Tower
60:46 Scout Tower
60:47 Scout Tower
60:47 Scout Tower
60:48 Scout Tower
60:48 Scout Tower
60:49 Scout Tower
60:50 Scout Tower
60:51 Scout Tower
60:52 Scout Tower
60:54 Scout Tower
60:55 Scout Tower
60:56 Scout Tower
60:57 Scout Tower
61:06 Guard Tower
61:10 Scout Tower
61:11 Scout Tower
61:11 Scout Tower
61:13 Scout Tower
61:14 Scout Tower
61:16 Guard Tower
61:20 Guard Tower
61:33 Scout Tower
61:34 Scout Tower
61:34 Scout Tower
61:35 Scout Tower
61:36 Scout Tower
61:36 Scout Tower
61:39 Scout Tower
61:40 Scout Tower
61:40 Scout Tower
61:41 Scout Tower
61:41 Scout Tower
61:43 Scout Tower
61:44 Scout Tower
61:44 Scout Tower
61:46 Scout Tower
61:46 Scout Tower
61:48 Scout Tower
61:48 Scout Tower
61:53 Scout Tower
61:54 Scout Tower
61:55 Scout Tower
61:57 Guard Tower
61:59 Guard Tower
62:01 Scout Tower
62:02 Scout Tower
62:03 Scout Tower
62:04 Scout Tower
62:04 Scout Tower
62:05 Scout Tower
62:06 Scout Tower
62:07 Scout Tower
62:08 Scout Tower
62:08 Scout Tower
62:09 Scout Tower
62:09 Scout Tower
62:10 Scout Tower
62:13 Guard Tower
62:17 Scout Tower
62:18 Scout Tower
62:19 Scout Tower
62:19 Scout Tower
62:20 Scout Tower
62:21 Scout Tower
62:23 Scout Tower
62:23 Scout Tower
62:24 Scout Tower
62:24 Scout Tower
62:25 Scout Tower
62:26 Scout Tower
62:27 Scout Tower
62:28 Scout Tower
62:29 Scout Tower
62:35 Guard Tower
62:41 Guard Tower
62:51 Guard Tower
62:55 Guard Tower
63:04 Guard Tower
63:09 Guard Tower
63:12 Scout Tower
63:12 Scout Tower
63:13 Scout Tower
63:14 Scout Tower
63:15 Scout Tower
63:15 Scout Tower
63:18 Guard Tower
63:20 Scout Tower
63:21 Scout Tower
63:22 Scout Tower
63:23 Scout Tower
63:23 Scout Tower
63:24 Scout Tower
63:26 Scout Tower
63:26 Scout Tower
63:27 Scout Tower
63:28 Scout Tower
63:29 Scout Tower
63:29 Scout Tower
63:30 Scout Tower
63:30 Scout Tower
63:33 Guard Tower
63:37 Scout Tower
63:38 Scout Tower
63:38 Scout Tower
63:39 Scout Tower
63:40 Scout Tower
63:40 Scout Tower
63:45 Guard Tower
63:49 Scout Tower
63:50 Scout Tower
63:51 Scout Tower
63:52 Scout Tower
63:53 Scout Tower
63:54 Scout Tower
64:03 Guard Tower
64:09 Guard Tower
64:12 Scout Tower
64:13 Scout Tower
64:13 Scout Tower
64:14 Scout Tower
64:15 Scout Tower
64:15 Scout Tower
64:16 Scout Tower
64:17 Scout Tower
64:17 Scout Tower
64:18 Scout Tower
64:23 Guard Tower
64:30 Scout Tower
64:30 Scout Tower
64:31 Scout Tower
64:33 Scout Tower
64:34 Scout Tower
64:35 Scout Tower
64:36 Scout Tower
64:37 Scout Tower
64:37 Scout Tower
64:38 Scout Tower
64:46 Guard Tower
65:14 Guard Tower
65:32 Guard Tower
65:38 Scout Tower
65:39 Scout Tower
65:41 Scout Tower
65:42 Scout Tower
65:43 Scout Tower
65:43 Scout Tower
65:44 Scout Tower
65:45 Scout Tower
65:45 Scout Tower
65:46 Scout Tower
65:48 Scout Tower
65:49 Scout Tower
65:50 Scout Tower
65:51 Scout Tower
65:52 Scout Tower
65:52 Scout Tower
65:53 Scout Tower
66:01 Guard Tower
66:05 Scout Tower
66:05 Scout Tower
66:06 Scout Tower
66:07 Scout Tower
66:07 Scout Tower
66:08 Scout Tower
66:16 Guard Tower
66:18 Scout Tower
66:19 Scout Tower
66:20 Scout Tower
66:21 Scout Tower
66:22 Scout Tower
66:23 Scout Tower
66:23 Scout Tower
66:24 Scout Tower
66:25 Scout Tower
66:26 Scout Tower
66:26 Scout Tower
66:31 Guard Tower
66:39 Guard Tower
66:41 Guard Tower
66:45 Guard Tower
66:57 Guard Tower
66:58 Scout Tower
66:59 Scout Tower
67:00 Scout Tower
67:01 Scout Tower
67:02 Scout Tower
67:03 Scout Tower
67:05 Scout Tower
67:05 Scout Tower
67:06 Scout Tower
67:07 Scout Tower
67:08 Scout Tower
67:09 Scout Tower
67:14 Scout Tower
67:15 Scout Tower
67:16 Scout Tower
67:17 Scout Tower
67:18 Scout Tower
67:18 Scout Tower
67:19 Scout Tower
67:20 Scout Tower
67:25 Guard Tower
67:28 Guard Tower
67:30 Guard Tower
67:34 Guard Tower
67:37 Scout Tower
67:37 Scout Tower
67:38 Scout Tower
67:40 Scout Tower
67:40 Scout Tower
67:41 Scout Tower
67:42 Scout Tower
67:42 Scout Tower
67:43 Scout Tower
67:44 Scout Tower
67:45 Scout Tower
67:45 Scout Tower
67:47 Scout Tower
67:48 Scout Tower
67:48 Scout Tower
67:49 Scout Tower
67:50 Scout Tower
67:51 Scout Tower
67:52 Scout Tower
67:54 Guard Tower
68:04 Guard Tower
68:06 Guard Tower
68:11 Guard Tower
68:13 Scout Tower
68:14 Scout Tower
68:15 Scout Tower
68:15 Scout Tower
68:16 Scout Tower
68:17 Scout Tower
68:18 Scout Tower
68:18 Scout Tower
68:19 Scout Tower
68:19 Scout Tower
68:20 Scout Tower
68:20 Scout Tower
68:25 Guard Tower
68:29 Guard Tower
68:36 Scout Tower
68:37 Scout Tower
68:39 Scout Tower
68:42 Guard Tower
68:46 Scout Tower
68:47 Scout Tower
68:47 Scout Tower
68:48 Scout Tower
68:51 Guard Tower
68:53 Scout Tower
68:53 Scout Tower
68:54 Scout Tower
68:55 Scout Tower
68:55 Scout Tower
68:56 Scout Tower
68:57 Scout Tower
68:57 Scout Tower
69:08 Guard Tower
69:19 Guard Tower
69:23 Scout Tower
69:24 Scout Tower
69:32 Scout Tower
69:34 Scout Tower
69:35 Scout Tower
69:35 Scout Tower
69:36 Scout Tower
69:37 Scout Tower
69:38 Scout Tower
69:39 Scout Tower
» items
Belt of Giant Strength +6 | 2 | |
Runed Bracers | 2 | |
Lesser Clarity Potion | 1 | |
Staff of Sanctuary | 2 | |
Orb of Venom | 2 | |
Sobi Mask | 2 | |
Inferno Stone | 1 | |
12 total
JulyBack2TheSty (
yellow | 120 APM | 8353 actions | 69:42)
9 Mountain King
3 Storm Bolt
3 Bash
1 Avatar
2 Thunder Clap
7 Paladin
3 Holy Light
3 Divine Shield
1 Devotion Aura
7 Blood Mage
3 Banish
3 Flame Strike
1 Summon Phoenix
» actions
Assign group hotkey | 358 | |
Basic commands | 70 | |
Build / train | 218 | |
Enter build submenu | 106 | |
Enter hero's abilities submenu | 26 | |
Give item / drop item | 5 | |
Remove unit from queue | 3 | |
Right click | 3998 | |
Select / deselect | 1012 | |
Select group hotkey | 1865 | |
Use ability | 691 | |
8353 total
» units
Peasant | 19 | |
Goblin Shredder | 3 | |
Dragonhawk Rider | 12 | |
Goblin Sapper | 1 | |
35 total
» upgrades
Masonry | 3 | |
Lumber Harvesting | 2 | |
Magic Sentry | 1 | |
Swords | 3 | |
Armor | 3 | |
Animal War Training | 1 | |
Cloud | 1 | |
14 total
» buildings
Altar of Kings | 1 | |
Farm | 6 | |
Lumber Mill | 1 | |
Scout Tower | 143 | |
Arcane Tower | 27 | |
Guard Tower | 47 | |
Arcane Vault | 4 | |
Keep | 1 | |
Castle | 2 | |
Town Hall | 1 | |
Arcane Sanctum | 1 | |
Gryphon Aviary | 1 | |
Barracks | 1 | |
Blacksmith | 1 | |
237 total
» build order
00:03 Altar of Kings
00:20 Farm
00:31 Lumber Mill
00:42 Farm
01:18 Farm
01:21 Scout Tower
01:26 Scout Tower
02:06 Arcane Tower
02:07 Arcane Tower
02:07 Arcane Tower
02:30 Guard Tower
02:30 Guard Tower
03:05 Scout Tower
03:07 Scout Tower
03:28 Arcane Vault
03:31 Scout Tower
03:32 Scout Tower
03:40 Guard Tower
03:41 Scout Tower
03:43 Scout Tower
03:43 Guard Tower
04:00 Guard Tower
04:02 Scout Tower
04:21 Guard Tower
04:23 Scout Tower
04:26 Scout Tower
04:28 Guard Tower
04:29 Scout Tower
04:35 Guard Tower
04:38 Scout Tower
05:03 Guard Tower
05:57 Keep
06:01 Scout Tower
06:02 Guard Tower
07:05 Guard Tower
07:06 Scout Tower
07:09 Guard Tower
07:10 Scout Tower
07:11 Scout Tower
07:18 Scout Tower
07:23 Arcane Vault
07:36 Guard Tower
07:38 Guard Tower
07:40 Scout Tower
07:41 Guard Tower
07:43 Scout Tower
07:46 Scout Tower
07:48 Scout Tower
07:59 Guard Tower
08:01 Scout Tower
08:10 Guard Tower
08:14 Scout Tower
08:17 Scout Tower
08:52 Castle
09:38 Farm
10:44 Guard Tower
10:46 Scout Tower
10:51 Arcane Tower
11:29 Town Hall
11:45 Scout Tower
11:46 Scout Tower
11:48 Scout Tower
11:49 Scout Tower
11:56 Scout Tower
12:39 Guard Tower
13:13 Scout Tower
13:14 Scout Tower
13:14 Scout Tower
13:44 Guard Tower
13:44 Guard Tower
13:44 Guard Tower
13:45 Arcane Sanctum
14:43 Guard Tower
14:44 Scout Tower
14:45 Scout Tower
14:53 Scout Tower
15:16 Guard Tower
15:55 Guard Tower
15:56 Scout Tower
16:00 Gryphon Aviary
16:04 Guard Tower
16:06 Scout Tower
16:08 Scout Tower
16:34 Scout Tower
16:34 Guard Tower
16:39 Barracks
16:40 Blacksmith
17:11 Guard Tower
17:14 Scout Tower
17:16 Guard Tower
17:18 Scout Tower
17:21 Scout Tower
17:51 Scout Tower
17:52 Guard Tower
18:12 Farm
19:29 Guard Tower
19:30 Scout Tower
22:04 Guard Tower
22:06 Scout Tower
22:09 Scout Tower
22:16 Guard Tower
22:17 Scout Tower
22:17 Scout Tower
22:25 Arcane Vault
22:39 Scout Tower
22:40 Guard Tower
23:50 Arcane Vault
23:57 Guard Tower
24:00 Scout Tower
24:02 Scout Tower
24:03 Guard Tower
24:05 Scout Tower
24:05 Scout Tower
25:06 Guard Tower
25:08 Scout Tower
25:09 Scout Tower
25:11 Guard Tower
25:13 Scout Tower
25:14 Scout Tower
27:20 Scout Tower
27:22 Scout Tower
27:23 Guard Tower
27:24 Scout Tower
27:25 Scout Tower
28:44 Guard Tower
28:44 Scout Tower
28:47 Scout Tower
28:47 Scout Tower
28:48 Guard Tower
28:50 Guard Tower
28:51 Scout Tower
28:52 Scout Tower
30:58 Guard Tower
30:59 Scout Tower
32:29 Scout Tower
32:32 Guard Tower
32:32 Scout Tower
32:33 Scout Tower
32:33 Scout Tower
32:34 Scout Tower
32:36 Guard Tower
42:45 Scout Tower
42:46 Scout Tower
42:47 Scout Tower
42:48 Scout Tower
42:48 Scout Tower
42:49 Scout Tower
42:50 Scout Tower
42:50 Scout Tower
42:51 Scout Tower
42:53 Scout Tower
42:54 Scout Tower
42:55 Scout Tower
42:56 Scout Tower
42:58 Scout Tower
42:58 Scout Tower
42:59 Scout Tower
42:59 Scout Tower
43:43 Arcane Tower
43:44 Arcane Tower
44:11 Arcane Tower
44:35 Arcane Tower
46:06 Arcane Tower
46:27 Arcane Tower
46:43 Arcane Tower
48:05 Arcane Tower
48:21 Scout Tower
48:22 Scout Tower
48:23 Scout Tower
48:23 Scout Tower
48:24 Scout Tower
48:24 Scout Tower
48:25 Scout Tower
48:26 Scout Tower
48:26 Scout Tower
48:28 Scout Tower
48:29 Scout Tower
48:30 Scout Tower
48:31 Scout Tower
48:31 Scout Tower
48:32 Scout Tower
48:33 Scout Tower
48:33 Scout Tower
48:34 Scout Tower
48:34 Scout Tower
48:35 Scout Tower
48:35 Scout Tower
48:37 Scout Tower
48:38 Scout Tower
48:38 Scout Tower
48:39 Scout Tower
48:40 Scout Tower
48:40 Scout Tower
48:42 Scout Tower
48:42 Scout Tower
48:43 Scout Tower
49:32 Arcane Tower
50:43 Arcane Tower
51:09 Scout Tower
51:09 Scout Tower
51:10 Scout Tower
51:10 Scout Tower
51:11 Scout Tower
51:12 Scout Tower
51:13 Scout Tower
51:13 Scout Tower
51:14 Scout Tower
51:14 Scout Tower
51:15 Scout Tower
52:22 Arcane Tower
53:10 Farm
53:21 Arcane Tower
53:37 Arcane Tower
54:22 Arcane Tower
54:25 Arcane Tower
55:11 Scout Tower
55:11 Scout Tower
55:12 Scout Tower
55:14 Arcane Tower
55:15 Scout Tower
55:16 Scout Tower
55:17 Scout Tower
56:50 Arcane Tower
56:53 Scout Tower
56:54 Scout Tower
56:54 Scout Tower
57:09 Arcane Tower
57:29 Arcane Tower
57:30 Arcane Tower
57:48 Arcane Tower
57:53 Arcane Tower
58:37 Arcane Tower
» items
Scroll of Regeneration | 18 | |
Lesser Clarity Potion | 12 | |
Potion of Healing | 3 | |
Potion of Mana | 2 | |
Staff of Sanctuary | 3 | |
Healing Wards | 2 | |
Scroll of Town Portal | 13 | |
Sobi Mask | 1 | |
Runed Bracers | 2 | |
Inferno Stone | 1 | |
Mana Stone | 2 | |
Orb of Venom | 3 | |
62 total
team 2 (loser)
anti_bm (
teal | 49 APM | 3355 actions | 68:34)
7 Firelord
3 Soul Burn
3 Incinerate
1 Volcano
3 Keeper of the Grove
2 Entangling Roots
1 Thorns Aura
1 Dreadlord
1 Sleep
2 Goblin Tinker
2 Cluster Rockets
1 Demon Hunter
1 Metamorphosis
» actions
Basic commands | 3 | |
Build / train | 114 | |
Enter build submenu | 26 | |
Enter hero's abilities submenu | 16 | |
Remove unit from queue | 8 | |
Right click | 1957 | |
Select / deselect | 1016 | |
Use ability | 215 | |
3355 total
» units
Wisp | 32 | |
Archer | 9 | |
Chimaera | 17 | |
Goblin Sapper | 7 | |
Hippogryph | 4 | |
Goblin Zeppelin | 2 | |
71 total
» upgrades
Strength of the Moon | 1 | |
Reinforced Hides | 3 | |
Strength of the Wild | 3 | |
Corrosive Breath | 1 | |
Ultravision | 1 | |
Well Spring | 1 | |
10 total
» buildings
Altar of Elders | 1 | |
Moon Well | 9 | |
Ancient of War | 1 | |
Tree of Ages | 2 | |
Hunter's Hall | 1 | |
Tree of Eternity | 2 | |
Ancient of Wind | 1 | |
Chimaera Roost | 3 | |
Ancient Protector | 8 | |
Tree of Life | 2 | |
30 total
» build order
00:17 Altar of Elders
00:26 Moon Well
00:54 Ancient of War
01:38 Moon Well
04:24 Tree of Ages
04:24 Tree of Ages
04:37 Hunter's Hall
05:57 Moon Well
07:06 Tree of Eternity
08:55 Ancient of Wind
10:03 Chimaera Roost
10:05 Chimaera Roost
10:07 Chimaera Roost
11:10 Moon Well
12:34 Moon Well
13:46 Moon Well
16:55 Moon Well
25:11 Ancient Protector
25:22 Ancient Protector
25:24 Ancient Protector
25:27 Ancient Protector
25:30 Ancient Protector
27:07 Ancient Protector
27:11 Ancient Protector
27:18 Ancient Protector
47:13 Tree of Life
48:21 Moon Well
48:23 Moon Well
52:43 Tree of Life
» items
Scroll of Speed | 2 | |
Lesser Clarity Potion | 2 | |
Healing Salve | 1 | |
Health Stone | 1 | |
6 total

»
Caribuutopie (
pink | 47 APM | 3180 actions | 67:15)
6 Tauren Chieftain
3 War Stomp
2 Endurance Aura
1 Reincarnation
5 Shadow Hunter
3 Healing Wave
2 Serpent Ward
» actions
Assign group hotkey | 46 | |
Basic commands | 259 | |
Build / train | 164 | |
ESC pressed | 16 | |
Enter build submenu | 29 | |
Enter hero's abilities submenu | 11 | |
Remove unit from queue | 8 | |
Right click | 1621 | |
Select / deselect | 715 | |
Select group hotkey | 93 | |
Use ability | 218 | |
3180 total
» units
Peon | 44 | |
Grunt | 10 | |
Shaman | 11 | |
Raider | 20 | |
Demolisher | 15 | |
Tauren | 15 | |
Kodo Beast | 2 | |
117 total
» upgrades
Shaman Training | 2 | |
Ensnare | 1 | |
Pillage | 1 | |
Pulverize | 1 | |
Ranged Weapons | 3 | |
Burning Oil | 1 | |
War Drums Damage Increase | 1 | |
Armor | 3 | |
Berserker Strength | 0 | |
Spirit Walker Training | 0 | |
Melee Weapons | 2 | |
Spiked Barricades | 2 | |
Reinforced Defenses | 1 | |
18 total
» buildings
Altar of Storms | 1 | |
Orc Burrow | 9 | |
Barracks | 1 | |
Voodoo Lounge | 1 | |
Stronghold | 1 | |
War Mill | 2 | |
Spirit Lodge | 1 | |
Fortress | 1 | |
Beastiary | 1 | |
Tauren Totem | 1 | |
Great Hall | 4 | |
Watch Tower | 45 | |
68 total
» build order
00:03 Altar of Storms
00:05 Orc Burrow
00:32 Barracks
01:37 Orc Burrow
02:07 Voodoo Lounge
03:17 Orc Burrow
04:38 Stronghold
05:58 War Mill
06:16 Orc Burrow
07:11 Spirit Lodge
07:12 Fortress
09:13 Beastiary
09:59 Tauren Totem
12:12 Orc Burrow
14:35 Orc Burrow
14:46 Orc Burrow
18:00 Great Hall
36:30 War Mill
42:48 Great Hall
42:52 Great Hall
43:09 Orc Burrow
43:14 Orc Burrow
44:45 Great Hall
60:09 Watch Tower
60:10 Watch Tower
60:10 Watch Tower
60:10 Watch Tower
60:11 Watch Tower
60:12 Watch Tower
60:13 Watch Tower
60:14 Watch Tower
60:17 Watch Tower
60:18 Watch Tower
60:19 Watch Tower
60:20 Watch Tower
60:21 Watch Tower
60:22 Watch Tower
60:22 Watch Tower
60:23 Watch Tower
60:25 Watch Tower
60:25 Watch Tower
62:57 Watch Tower
62:59 Watch Tower
63:00 Watch Tower
63:00 Watch Tower
63:01 Watch Tower
63:02 Watch Tower
63:08 Watch Tower
63:09 Watch Tower
63:10 Watch Tower
63:28 Watch Tower
63:29 Watch Tower
63:30 Watch Tower
63:31 Watch Tower
63:34 Watch Tower
63:34 Watch Tower
63:35 Watch Tower
63:36 Watch Tower
63:37 Watch Tower
64:33 Watch Tower
64:34 Watch Tower
64:35 Watch Tower
64:35 Watch Tower
64:36 Watch Tower
64:36 Watch Tower
64:37 Watch Tower
64:39 Watch Tower
64:40 Watch Tower
» items
Lesser Clarity Potion | 2 | |
Healing Salve | 2 | |
Potion of Healing | 1 | |
Scroll of Speed | 1 | |
Orb of Lightning | 1 | |
7 total
MyStICal-Elf (
orange | 42 APM | 2948 actions | 69:41)
5 Demon Hunter
3 Immolation
1 Mana Burn
1 Evasion
» actions
Assign group hotkey | 1 | |
Basic commands | 3 | |
Build / train | 132 | |
Enter build submenu | 59 | |
Enter hero's abilities submenu | 5 | |
Remove unit from queue | 2 | |
Right click | 1735 | |
Select / deselect | 929 | |
Use ability | 82 | |
2948 total
» units
Wisp | 38 | |
Archer | 6 | |
Hippogryph | 12 | |
Huntress | 2 | |
Druid of the Talon | 3 | |
Chimaera | 42 | |
Glaive Thrower | 6 | |
Mud Golem | 1 | |
110 total
» upgrades
Strength of the Moon | 2 | |
Moon Armor | 3 | |
Hippogryph Taming | 1 | |
Corrosive Breath | 1 | |
Strength of the Wild | 3 | |
Reinforced Hides | 4 | |
14 total
» buildings
Altar of Elders | 1 | |
Ancient of War | 1 | |
Moon Well | 18 | |
Tree of Ages | 1 | |
Hunter's Hall | 1 | |
Ancient of Wind | 2 | |
Tree of Eternity | 1 | |
Chimaera Roost | 6 | |
Ancient Protector | 20 | |
Tree of Life | 1 | |
52 total
» build order
00:05 Altar of Elders
00:11 Ancient of War
00:18 Moon Well
00:27 Moon Well
03:23 Moon Well
04:18 Moon Well
04:58 Tree of Ages
05:35 Moon Well
05:47 Hunter's Hall
07:46 Ancient of Wind
07:58 Ancient of Wind
10:05 Tree of Eternity
12:51 Chimaera Roost
12:53 Chimaera Roost
14:24 Moon Well
14:27 Moon Well
14:52 Moon Well
15:22 Moon Well
15:24 Moon Well
17:04 Chimaera Roost
26:55 Ancient Protector
26:58 Ancient Protector
27:01 Ancient Protector
27:03 Ancient Protector
27:25 Ancient Protector
27:37 Ancient Protector
28:09 Ancient Protector
28:34 Ancient Protector
28:42 Ancient Protector
29:29 Ancient Protector
30:14 Ancient Protector
30:19 Ancient Protector
30:22 Ancient Protector
35:52 Moon Well
35:56 Moon Well
46:50 Tree of Life
52:31 Moon Well
53:49 Moon Well
54:08 Moon Well
54:39 Moon Well
54:52 Chimaera Roost
54:55 Chimaera Roost
56:08 Chimaera Roost
57:39 Moon Well
59:56 Moon Well
60:04 Ancient Protector
60:15 Ancient Protector
60:46 Ancient Protector
60:49 Ancient Protector
64:32 Ancient Protector
64:36 Ancient Protector
64:47 Ancient Protector
nialsig (
red | 38 APM | 2546 actions | 67:07)
6 Death Knight
3 Death Coil
1 Unholy Aura
1 Death Pact
1 Animate Dead
3 Dreadlord
2 Vampiric Aura
1 Sleep
2 Crypt Lord
1 Impale
1 Carrion Beetles
» actions
Assign group hotkey | 16 | |
Basic commands | 3 | |
Build / train | 107 | |
Enter build submenu | 31 | |
Enter hero's abilities submenu | 11 | |
Right click | 1250 | |
Select / deselect | 973 | |
Select group hotkey | 67 | |
Use ability | 88 | |
2546 total
» units
Acolyte | 14 | |
Ghoul | 9 | |
Crypt Fiend | 14 | |
Frost Wyrm | 26 | |
Meatwagon | 7 | |
Goblin Zeppelin | 1 | |
Goblin Shredder | 1 | |
72 total
» upgrades
Creature Attack | 3 | |
Creature Carapace | 3 | |
Web | 1 | |
Freezing Breath | 1 | |
8 total
» buildings
Altar of Darkness | 2 | |
Ziggurat | 14 | |
Crypt | 1 | |
Graveyard | 1 | |
Nerubian Tower | 1 | |
Halls of the Dead | 1 | |
Black Citadel | 1 | |
Sacrificial Pit | 1 | |
Boneyard | 3 | |
Slaughterhouse | 1 | |
Tomb of Relics | 1 | |
Spirit Tower | 4 | |
31 total
» build order
00:11 Altar of Darkness
00:18 Ziggurat
00:35 Crypt
01:01 Ziggurat
01:32 Graveyard
01:40 Ziggurat
02:52 Nerubian Tower
07:29 Halls of the Dead
08:44 Ziggurat
08:47 Ziggurat
16:18 Black Citadel
17:13 Sacrificial Pit
19:15 Boneyard
19:23 Boneyard
24:34 Slaughterhouse
26:35 Ziggurat
26:38 Ziggurat
26:45 Ziggurat
26:49 Ziggurat
56:08 Altar of Darkness
56:14 Boneyard
59:31 Tomb of Relics
62:12 Ziggurat
63:30 Ziggurat
63:40 Ziggurat
63:46 Ziggurat
63:49 Ziggurat
64:26 Spirit Tower
64:33 Spirit Tower
64:38 Spirit Tower
64:41 Spirit Tower
» items
Red Drake Egg | 1 | |
Amulet of the Wild | 1 | |
Sacrificial Skull | 1 | |
Orb of Corruption | 1 | |
Potion of Healing | 1 | |
Potion of Mana | 1 | |
6 total
Chat log
(02:40 / All) FriendlyTyler: a gould stomp
(04:03 / Allies) Friendsly: patrol
(05:21 / Allies) FriendlyTyler: ....................................................................................................................stupid ogre
(08:03 / All) FriendlyTyler: 0 stomps for 4?
(47:57 / All) FriendlyTyler: teep & weep
(48:07 / All) MyStICal-Elf: fuck you nobby tower
(54:27 / All) friends.scx: ??
(57:03 / Allies) FriendlyTyler: 1618
(57:10 / Allies) FriendlyTyler: blinn's fav lumbr number
(57:33 / Allies) friends.scx: is 1618 = eE4?
(62:34 / All) FriendlyTyler: thanks orange.
(64:20 / Allies) friends.scx: lum
(64:28 / Allies) friends.scx: gold???
(64:40 / Allies) friends.scx: iggold
(67:11 / All) friends.scx: :(!
(67:16 / All) friends.scx: attack my towers
(67:21 / All) FriendlyTyler: yeikes
(69:18 / All) FriendlyTyler: mystical elf mystical elf, towers form an undersea shelf
(69:25 / All) FriendlyTyler: you lose your chim to naught but towers
(69:27 / All) friends.scx: yo it's towers all the way thru
(69:28 / All) friends.scx: sorry